 Dungeon Crawl Stone Soup version 0.21.1-1-g345015f (webtiles) character file.

34 Fang the Skirmisher (level 3, -8/24 HPs)
             Began as a Gargoyle Berserker on May 10, 2018.
             Was a Follower of Trog.
             Mangled by a gnoll
             ... wielding a +0 halberd
              (13 damage)
             ... on level 2 of the Dungeon.
             The game lasted 00:01:24 (721 turns).

Fang the Skirmisher (Gargoyle Berserker)             Turns: 721, Time: 00:01:24

Health: -8/24      AC:  5    Str: 21    XL:     3   Next: 31%
Magic:  3/3        EV: 12    Int:  7    God:    Trog [*.....]
Gold:   0          SH:  0    Dex:  9    Spells: 2/2 levels left

rFire    . . .     SeeInvis .   a - +0 hand axe
rCold    . . .     Gourm    .   (no shield)
rNeg     + . .     Faith    .   b - +0 animal skin
rPois    ∞         Spirit   .   (no helmet)
rElec    +         Reflect  .   (no cloak)
rCorr    .         Harm     .   (no gloves)
MR       .....                  (no boots)
Stlth    +.........             (no amulet)
HPRegen  0.08/turn              (no ring)
MPRegen  0.08/turn              (no ring)

@: berserk cooldown, slowed, very slow
A: negative energy resistance 1, electricity resistance, unbreathing,
petrification resistance, rot immunity, AC +3
a: Berserk, Burn Spellbooks, Renounce Religion


You were on level 2 of the Dungeon.
You worshipped Trog.
Trog was aware of your devotion.
You were near starving.

You visited 1 branch of the dungeon, and saw 2 of its levels.

Inventory:

Hand Weapons
 a - a +0 hand axe (weapon)
Armour
 b - a +0 animal skin (worn)
Jewellery
 f - an uncursed ring of positive energy {unknown}
Scrolls
 d - a scroll of fear {unknown}
 g - a scroll of remove curse {unknown}
Comestibles
 c - 2 rations


   Skills:
 + Level 3.7 Fighting
 + Level 3.4 Axes
 + Level 2.3 Armour
 + Level 1.8 Dodging


You had 2 spell levels left.
You didn't know any spells.

Dungeon Overview and Level Annotations

Branches:
Dungeon (2/15)

Altars:
Uskayaw


Innate Abilities, Weirdness & Mutations

You are resistant to torment.
Your stone body is resilient. (AC +3)
You are immune to poison.
You resist negative energy. (rN+)
You are resistant to electric shocks. (rElec)
You can survive without breathing.
You are immune to petrification.
You are immune to rotting.


Message History

You hit the gnoll but do no damage.
The gnoll is almost dead.
You hit the plant but do no damage. x2; The gnoll barely misses you.
The gnoll hits you from afar with an enchanted halberd.
* * * LOW HITPOINT WARNING * * *
The gnoll misses you.
You hit the gnoll but do no damage.
The gnoll is almost dead.
You hit the plant but do no damage. x2; The gnoll misses you. x2
You barely miss the gnoll.
The gnoll is almost dead.
You hit the plant but do no damage. You hit the plant.
The gnoll closely misses you. x2
The gnoll hits you from afar with an enchanted halberd.
* * * LOW HITPOINT WARNING * * *
You hit the gnoll but do no damage.
The gnoll is almost dead.
You hit the plant but do no damage. x2; The gnoll hits you with a halberd!
Ouch! That really hurt!
You die...

###........†....§§......
####♣.♣♣###P♣♣.###...
#..♣♣ P.♣..§PP.♣♣ ♣P♣
..♣♣♣♣§♣♣♣♣.♣ ♣♣ ♣♣
♣.§♣♣♣P.♣ . ♣....♣..#+
♣P. ♣P.♣.....#
.8P.P♣♣..♣.♣.♣.#
......P@.♣..♣♣
.⌠.8..g♣P.♣P...P♣
.....♣gPPP..♣♣.♣..
P8.P.♣♣.P♣♣♣.♣ ♣ ♣♣P♣
♣..♣P .♣ .. ♣P. . .. ♣
♣.. PP ..♣ .♣♣ .♣ .♣ .#


You could see 2 gnolls.

Vanquished Creatures
  2 gnolls (D:2)
  A dart slug (D:1)
  A goblin (D:2)
  A hobgoblin (D:2)
  4 kobolds
  2 quokkas (D:2)
  A bat (D:1)
  3 frilled lizards
15 creatures vanquished.

Vanquished Creatures (others)
  A plant (D:2)
1 creature vanquished.

Grand Total: 16 creatures vanquished

Notes
Turn   | Place    | Note
-------+----------+-------------------------------------------
     0 | D:1      | Fang the Gargoyle Berserker began the quest for the Orb.
     0 | D:1      | Reached XP level 1. HP: 14/14 MP: 1/1
   625 | D:2      | Reached XP level 2. HP: 14/19 MP: 2/2
   673 | D:2      | Found a hide-covered altar of Uskayaw.
   675 | D:2      | Noticed a dagger
   676 | D:2      | Noticed a dagger
   698 | D:2      | Reached XP level 3. HP: 24/24 MP: 3/3
   721 | D:2      | Mangled by a gnoll

Skill      XL: |  1  2 |
---------------+-------+-----
Axes           | 3 |  3.4
Fighting       | |  3.7
Armour         | |  2.3
Dodging        | |  1.8

Action                   || total
-------------------------++-------
Melee: Hand axe          ||    45
Invok: Berserk           ||     2
  Use: Potion            ||     1
Armor: Animal skin       ||    12
Dodge: Dodged            ||    33
